 Dungeon Crawl Stone Soup version 0.30.2 (webtiles) character file.

Game seed: 12553091138190141908

169 porpoise the Magician (level 5, -5/39 HPs)
             Began as a Djinni Conjurer on Feb 14, 2024.
             Slain by Crazy Yiuf
             ... wielding a +3 quarterstaff of chaos
              (14 damage)
             ... on level 2 of the Dungeon.
             The game lasted 00:07:15 (2094 turns).

porpoise the Magician (Djinni Conjurer)             Turns: 2094, Time: 00:07:16

Health: -5/39      AC:  2    Str:  6    XL:     5   Next: 79%
Gold:   74         EV: 12    Int: 22    God:
                   SH:  0    Dex: 11

rFire   + + .        a - +2 dagger (vamp)
rCold   . . .        (no shield)
rNeg    . . .        j - +0 robe
rPois   ∞            (no helmet)
rElec   .            (no cloak)
rCorr   .            (no gloves)
SInv    .            (boots unavailable)
Will    .....        (no amulet)
Stlth   ++           e - ring of protection from cold
HPRegen 0.26/turn    (no ring)
MPRegen 0.00/turn

%: infuse magic (-6 HP)
@: flying
A: sickness immunity, fire resistance 2, cold vulnerability 1, float, innate
caster, HP casting, extra vitality 1
a: no special abilities


You were on level 2 of the Dungeon.
You visited 1 branch of the dungeon, and saw 2 of its levels.

You collected 74 gold pieces.

Inventory:

Hand Weapons
 a - a +2 vampiric dagger (weapon)
 b - a +1 sling of flaming
 w - a +0 short sword
Armour
 j - a +0 robe (worn)
Magical Staves
 n - a staff of death
Jewellery
 e - a ring of protection from cold (left hand)
Scrolls
 c - a scroll of noise {unknown}
 d - a scroll of immolation {unknown}
 f - a scroll of poison {unknown}
 g - a scroll of amnesia {unknown}
 i - a scroll of fog {unknown}
 k - a scroll of summoning {unknown}
 l - 2 scrolls of torment {unknown}
 o - a scroll of identify {unknown}
Potions
 h - 3 potions of curing
 m - a potion of mutation {unknown}


   Skills:
 + Level 2.5 Fighting
 - Level 3.0 Dodging
 - Level 2.2 Stealth
 + Level 4.2 Spellcasting


You knew the following spells:

 Your Spells              Type           Power      Damage    Failure   Level
a - Magic Dart            Conj           92%        1d7       1%          1
b - Searing Ray           Conj           46%        2d6       3%          2
c - Fulminant Prism       Conj/Hex       11%        3d9       19%         4
d - Iskenderun's Mystic   Conj/Tloc      23%        2d6       19%         4
e - Ensorcelled Hibernat  Hex/Ice        46%        N/A       3%          2
f - Dazzling Flash        Conj/Hex       46%        N/A       6%          3
l - Slow                  Hex            92%        N/A       1%          1
Your spell library was empty.

Dungeon Overview and Level Annotations

Branches:
Dungeon (2/15)

Altars:

Annotations:
D:2 Crazy Yiuf


Innate Abilities, Weirdness & Mutations

You are immune to sickness and miasma.
You are immune to poison.
Your flesh is very heat resistant. (rF++)
You are vulnerable to cold. (rC-)
You float through the air rather than walking.
You learn spells naturally, not from books.
Your magical power is your life essence.
You have superior vitality. (+4 MHP)


Message History

The searing ray hits the frilled lizard.
You kill the frilled lizard! (Press . to maintain the ray.) Unknown command.
You start resting.
HP restored.
You see here a frilled lizard corpse.
You see here a +0 dagger.
o - a scroll labelled ARAPRATHR HAAZ
Found a hammer.
Found a runed translucent door.
What are your orders? t - Shout!
Orders for allies: a - Attack new target. r - Retreat! s - Stop attacking. g - Guard the area. f - Follow me.
Anything else - Cancel.
Okay, then.
Unknown command.
Crazy Yiuf shouts!
You reach down and open the door.
Casting: Searing Ray (safe; 3% risk of failure)
Confirm with . or Enter, or press ? or * to list all spells.
Aiming: Searing Ray (safe; 3% risk of failure)
Press: ? - help, Shift-Dir - straight line, f - Crazy Yiuf
Aim: Crazy Yiuf, wielding a +3 quarterstaff of chaos and wearing a +0 cloak (81% to hit)
The searing ray hits Crazy Yiuf.
Crazy Yiuf is lightly wounded. (Press . to maintain the ray.) Crazy Yiuf hits you with a +3 quarterstaff of chaos!
The searing ray hits Crazy Yiuf.
Crazy Yiuf is moderately wounded.
Crazy Yiuf hits you with a +3 quarterstaff of chaos!
* * * LOW HITPOINT WARNING * * *
Crazy Yiuf burns you.
* * * LOW HITPOINT WARNING * * *
The searing ray hits Crazy Yiuf.
Crazy Yiuf is moderately wounded.
* * * LOW HITPOINT WARNING * * *
Crazy Yiuf hits you with a +3 quarterstaff of chaos!
You die...

#..............####
###.###....#.#......#
#...........##......#
#.##.################
#†##.# #.<#.# ##...#
### ♣♣#### #.####
#)..#♣♣ ♣♣.#..##
#....#
#...g@♣♣♣♣......#
######
#...#♣..♣.......# ###
♣♣♣.♣..#...#
♣♣♣♣♣##.## #.# #.##
#..##### ##.....##
#####..#


You could see Crazy Yiuf.

Vanquished Creatures
  Natasha (thrice) (D:2)
  Terence (D:2)
  4 adders (D:2)
  A worm (D:2)
  A dart slug (D:1)
  An endoplasm (D:2)
  A giant cockroach (D:2)
  3 goblins
  3 hobgoblins
  2 jackals (D:2)
  A quokka (D:2)
  4 ball pythons
  3 bats
  3 frilled lizards
  6 kobolds
  4 rats
41 creatures vanquished.

Notes
Turn   | Place    | Note
-------+----------+-------------------------------------------
     0 | D:1      | porpoise the Djinni Conjurer began the quest for the Orb.
     0 | D:1      | porpoise set off with the following spells memorised: Magic
                  | Dart, Searing Ray, Dazzling Flash, Fulminant Prism,
                  | Iskenderun's Mystic Blast.
     0 | D:1      | Reached XP level 1. HP: 15/15 MP: 0/0
    47 | D:1      | Found a faded altar of an unknown god.
   275 | D:1      | Reached XP level 2. HP: 17/21 MP: 0/0
   778 | D:2      | Noticed Natasha
   785 | D:2      | Killed Natasha
   786 | D:2      | Reached XP level 3. HP: 16/25 MP: 0/0
   786 | D:2      | Learned a level 1 spell: Slow
  1099 | D:2      | Reached XP level 4. HP: 31/31 MP: 0/0
  1109 | D:2      | Noticed Terence
  1118 | D:2      | Killed Terence
  1119 | D:2      | Reached skill level 1 in Fighting
  1144 | D:2      | Noticed Natasha
  1147 | D:2      | Killed Natasha
  1148 | D:2      | Reached XP level 5. HP: 7/38 MP: 0/0
  1148 | D:2      | Learned a level 2 spell: Ensorcelled Hibernation
  1299 | D:2      | Reached skill level 4 in Spellcasting
  1463 | D:2      | Noticed Natasha
  1470 | D:2      | Killed Natasha
  2087 | D:2      | Found a runed translucent door.
  2088 | D:2      | Noticed Crazy Yiuf
  2094 | D:2      | Slain by Crazy Yiuf

Illustrated notes

Levels and vault maps discovered:
D:1:      heliophobic_arrival_ceremonial_halls, layout_basic,
          hellmonk_ecumenical_altar_heavens_door, roderic_roman_lattice,
          chequers_jeans
D:2:      layout_basic, uniq_crazy_yiuf_cottage, uniq_natasha, uniq_terence

Skill      XL: |  1  2  3  4  5 |
---------------+----------------+-----
Stealth        | 2 |  2.2
Dodging        | 3 |  3.0
Fighting       | 1 2 |  2.5
Spellcasting   | 4 |  4.2

Action                     |  1- 3 |  4- 6 || total
---------------------------+-------+-------++-------
  Melee: Dagger            |       |     2 ||     2
   Fire: Sling             |     3 |       ||     3
   Cast: Magic Dart        |    37 |    15 ||    52
         Searing Ray       |     1 |    11 ||    12
 Armour: Robe              |       |     3 ||     3
  Dodge: Dodged            |     3 |    10 ||    13
